 Dungeon Crawl Stone Soup version 0.30-a0-1123-gabc949cf19 (webtiles) character file.

Game seed: 5127940890035973862

114 themarg the Caller (level 4, 0/30 HPs)
             Began as a Merfolk Summoner on Apr 22, 2023.
             Was a Follower of Fedhas.
             Slain by a gnoll
             ... wielding a +0 club
              (7 damage)
             ... on level 3 of the Dungeon.
             The game lasted 00:08:10 (3290 turns).

themarg the Caller (Merfolk Summoner)               Turns: 3290, Time: 00:08:10

Health: 0/30       AC:  3    Str:  8    XL:     4   Next: 98%
Magic:  0/7        EV: 12    Int: 16    God:    Fedhas [*.....]
Gold:   178        SH:  0    Dex: 14    Spells: 1/7 levels left

rFire   . . .        d - +0 dagger
rCold   . . .        (no shield)
rNeg    . . .        a - +0 robe
rPois   .            (no helmet)
rElec   .            t - +0 cloak
rCorr   .            (no gloves)
SInv    .            (no boots)
Will    .....        (no amulet)
Stlth   ++           (no ring)
HPRegen 0.25/turn    (no ring)
MPRegen 0.10/turn

%: no passive effects
@: no status effects
A: (nimble swimmer 2), mertail
a: Renounce Religion


You were on level 3 of the Dungeon.
You worshipped Fedhas.
Fedhas was aware of your devotion.
You visited 1 branch of the dungeon, and saw 4 of its levels.

You collected 178 gold pieces.

Inventory:

Hand Weapons
 d - a +0 dagger (weapon)
Missiles
 c - 28 stones
 g - 17 poisoned darts
Armour
 a - a +0 robe (worn)
 t - a +0 cloak (worn)
Scrolls
 e - 2 scrolls of fear {unknown}
 f - a scroll of blinking {unknown}
 h - a scroll of acquirement {unknown}
 j - 3 scrolls of identify {unknown}
 n - a scroll of enchant armour {unknown}
 o - a scroll of immolation {unknown}
 p - a scroll of butterflies {unknown}
 s - a scroll of magic mapping {unknown}
Potions
 b - a potion of magic
 i - a potion of haste {unknown}
 k - 2 potions of curing {unknown}
 l - a potion of heal wounds {unknown}
 m - 2 potions of attraction {unknown}
 q - 2 potions of ambrosia {unknown}
 r - a potion of mutation {unknown}


   Skills:
 - Level 2.6 Dodging
 - Level 3.0 Stealth
 - Level 2.0 Spellcasting
 + Level 5.9 Summonings


You had one spell level left.
You knew the following spells:

 Your Spells              Type           Power      Damage    Failure   Level
a - Summon Small Mammal   Summ           80%        N/A       1%          1
b - Call Imp              Summ           40%        N/A       2%          2
c - Call Canine Familiar  Summ           20%        N/A       5%          3

Your spell library contained the following spells:

 Spells                   Type           Power      Damage    Failure   Level
 Summon Guardian Golem    Hex/Summ       11%        N/A       19%         3
 Summon Lightning Spire   Summ/Air       11%        N/A       52%         4


Dungeon Overview and Level Annotations

Branches:
Dungeon (4/15)
 Temple: D:4-7

Altars:
Fedhas


Innate Abilities, Weirdness & Mutations

((You are very nimble when in or above water. (Stealth+, EV+, Speed+++)))
Your lower body shifts to a powerful aquatic tail in water.


Message History

Your hound bites the gnoll.
The gnoll hits your hound but does no damage.
Your cerulean imp barely misses the gnoll.
Your quokka barely misses the gnoll.
Your hound bites the gnoll.
You struggle against the net.
Your hound closely misses the gnoll.
Your quokka barely misses the gnoll.
The gnoll hits your quokka with a +0 club.
The gnoll hits your hound with a +0 spear.
Your hound dies!
Your hound's corpse disappears in a puff of smoke!
Your cerulean imp hits the gnoll but does no damage.
You struggle against the net.
Your quokka bites the gnoll.
Your cerulean imp hits the gnoll but does no damage.
The gnoll hits you with a +0 club.
You struggle against the net.
Your quokka misses the gnoll. The gnoll hits you with a +0 club!
Your cerulean imp hits the gnoll from afar with a -2 spear.
The gnoll hits you from afar with a +0 spear.
You struggle against the net.
Your quokka misses the gnoll.
The gnoll hits you from afar with a +0 spear.
The gnoll barely misses you.
Your cerulean imp barely misses the gnoll.
You rip the net and break free!
Your quokka bites the gnoll.
Your cerulean imp hits the gnoll but does no damage.
The gnoll hits your quokka with a +0 club!
Your quokka dies!
Your quokka's corpse disappears in a puff of smoke!
The gnoll hits you but does no damage. The gnoll attacks as you move away!
The gnoll hits you with a +0 club.
Your cerulean imp disappears in a puff of smoke!
You see here a ball python corpse.
The gnoll attacks as you move away! The gnoll closely misses you.
There is a stone staircase leading up here.
The gnoll hits you with a +0 club!
* * * LOW HITPOINT WARNING * * *
You climb upwards.
There is a stone staircase leading down here.
The gnoll hits you with a +0 club!
You die...
Fedhas appreciates your contribution to the ecosystem.

......## ##.##.###.#h#.####.##...
.#####.###..##....###..####.#....
.# ##...#.####.## ##...........
.#######.##.# ##.###..######....
.........##.# ##.#.#.# ##..)
.##########.#######.##.# #.#) .#
#......h)....# #.#) .#
######.#####.# #.#. .##########
#@# #.#######.#. ..........# ##g#
#.##.....r#. .########.# #..#
#.##........ .# #)# #.##
#.##..###### .# #.# #.# #.##..#
.# #.# #.# #.##..###### .# #.#
#.# #.##>....... .# #.# #.#
#.........#. †# #.# #.#
#####.......


You could see a gnoll (ally target) and a friendly hound (summoned).

Vanquished Creatures
  3 ball pythons
  4 endoplasms
  A giant cockroach (D:1)
  2 goblins (D:2)
  4 hobgoblins
  2 jackals (D:1)
  A quokka (D:2)
  A bat (D:2)
18 creatures vanquished.

Vanquished Creatures (collateral kills)
  An orc wizard (D:3)
  2 adders (D:3)
  A nameless horror (D:3)
  2 orcs (D:3)
  4 ball pythons
  5 endoplasms
  A giant cockroach (D:1)
  7 goblins
  A hobgoblin (D:1)
  3 jackals (D:1)
  4 quokkas
  3 bats
  5 frilled lizards
  3 kobolds
  5 rats
47 creatures vanquished.

Grand Total: 65 creatures vanquished

Notes
Turn   | Place    | Note
-------+----------+-------------------------------------------
     0 | D:1      | themarg the Merfolk Summoner began the quest for the Orb.
     0 | D:1      | Reached XP level 1. HP: 13/13 MP: 3/3
   127 | D:1      | Reached XP level 2. HP: 19/19 MP: 1/5
   130 | D:1      | Learned a level 2 spell: Call Imp
   796 | D:1      | Reached XP level 3. HP: 24/24 MP: 3/6
  1309 | D:2      | Found a faded altar of an unknown god.
  1637 | D:2      | Found a blossoming altar of Fedhas.
  1658 | D:2      | Became a worshipper of Fedhas Madash
  1833 | D:2      | Reached skill level 5 in Summonings
  2238 | D:3      | Learned a level 3 spell: Call Canine Familiar
  2313 | D:3      | Reached XP level 4. HP: 30/30 MP: 7/7
  2686 | D:3      | Reached * piety under Fedhas
  3290 | D:3      | Slain by a gnoll

Illustrated notes

Levels and vault maps discovered:
D:1:      elethiomel_arrival_quiet, layout_basic
D:2:      layout_rooms, nicolae_ecumenical_pavilion, basic_altar,
          minmay_indecisive_spiral
D:3:      layout_loops_ring
D:4:      layout_loops_corners, lemuel_mausoleum_altar_kikubaaqudgha,
          minmay_temple_entry_poolview, serial_shops, shop_statue,
          minmay_cupped, uniq_eustachio, uniq_menkaure, uniq_grinder

Skill      XL: |  1  2  3 |
---------------+----------+-----
Stealth        | 3 |  3.0
Summonings     | 5 |  5.9
Dodging        | |  2.6
Spellcasting   | |  2.0

Action                     |  1- 3 |  4- 6 || total
---------------------------+-------+-------++-------
  Melee: Unarmed           |     7 |       ||     7
         Dagger            |    63 |    13 ||    76
         Punch             |     1 |       ||     1
   Cast: Summon Small Mamm |    53 |     6 ||    59
         Call Imp          |    13 |     4 ||    17
         Call Canine Famil |     1 |     9 ||    10
   Stab: Distracted        |     3 |     1 ||     4
 Armour: Robe              |    21 |     1 ||    22
  Dodge: Dodged            |    58 |    14 ||    72

Table legend: (Time is in decaauts)
 A = Elapsed time spent in this place.
 B = Non-inter-level travel time spent in this place.
 C = Inter-level travel time spent in this place.
 D = Time resting spent in this place.
 E = Time spent auto-exploring this place.
 F = Levels seen in this place.
 G = Mean time per level.
                   A        B        C        D        E       F      G
               +--------+--------+--------+--------+--------+-----+--------+
         Total |   3289 |   3208 |     81 |      0 |   2616 |   4 |  822.2 |
       Dungeon |   3289 |   3208 |     81 |      0 |   2616 |   4 |  822.2 |
               +--------+--------+--------+--------+--------+-----+--------+

Top non-repeatable levels by time:
     D:1: 1308 daAuts
     D:3: 1174 daAuts
     D:2: 749 daAuts
     D:4: 56 daAuts
